cohdb
Replays
Latest Replays
All Replays
Popular Replays
Top Player Replays
Match Explorer
How It Works
Community
CoH3 Stats
Reddit
Sign in to upload your games and track your stats! →
Sign in with Steam
Match 41319525
Unlisted
Match 41319525
Overview
Messages
Build Orders
End
Construct Infanterie Kompanie
Kettenkrad Recon Vehicle
MG 42 Machine Gun Team
Selects Terror Battlegroup
Selects Machine Gun Camouflage
MG 42 Machine Gun Team
GrW 34 Mortar Team
Construct Panzergrenadier Kompanie
Support Elements
Selects Interrogate
Grenadier Squad
Grenadier Squad
MG 42 Bunker
Construct Panzer Kompanie
Sturmpanzer IV Brummbär
Selects Propaganda Leaflet Drop
Propaganda Leaflet Drop
Pak 40 Anti-tank Gun Team
Pak 40 Anti-tank Gun Team
Panzergrenadier Squad
Grenadier Squad
Private_Parts
broodwarjc
Felipe
D3mOn
asdasd
Hepatiitti
SneaKerz
gb_gbg
0
0
Comments
sign in to comment!
No comments posted yet!